 Dungeon Crawl Stone Soup version 0.30-a0-964-gd452b5e7fa (webtiles) character file.

Game seed: 15504162459851614491

5191 kae the Basher (level 10, -6/92 HPs)
             Began as a Minotaur Fighter on Mar 30, 2023.
             Was a Believer of Makhleb.
             Mangled by an orc warrior
             ... wielding a +0 trident
              (19 damage)
             ... in a bailey.
             The game lasted 00:07:29 (6950 turns).

kae the Basher (Minotaur Fighter)                   Turns: 6950, Time: 00:07:30

Health: -6/92      AC:  9    Str: 24    XL:     10   Next: 34%
Magic:  13/13      EV:  9    Int:  5    God:    Makhleb [**....]
Gold:   366        SH:  5    Dex: 17    Spells: 9/9 levels left

rFire   . . .      SeeInvis .    a - +2 flail (vamp)
rCold   . . .      Faith    .    c - +0 buckler
rNeg    . . .      Spirit   .    b - +0 scale mail
rPois   .          Reflect  .    (helmet restricted)
rElec   .          Rampage  .    w - +0 cloak
rCorr   .                        B - +0 pair of gloves
Will    +....                    (no boots) Stlth
                                 (no amulet)
HPRegen 0.35/turn                D - +6 ring of dexterity
MPRegen 0.13/turn                y - ring of willpower

@: mighty
A: horns 2, retaliatory headbutt
a: Renounce Religion, Minor Destruction


You were in a bailey.
You worshipped Makhleb.
Makhleb was pleased with you.
You visited 2 branches of the dungeon, and saw 9 of its levels.
You also visited: Bailey.

You collected 514 gold pieces.
You spent 148 gold pieces at shops.


Innate Abilities, Weirdness & Mutations

You have a pair of horns on your head.
You reflexively headbutt those who attack you in melee.


   Skills:
 + Level 9.7 Fighting
 - Level 14.0 Maces & Flails
 - Level 3.6 Armour
 - Level 3.6 Shields
 + Level 6.5 Invocations


You had 9 spell levels left.
You didn't know any spells.
Your spell library contained the following spells:

 Spells                   Type           Power      Damage    Failure   Level
 Scorch                   Fire           0%         2d5       95%         2
 Sublimation of Blood     Necr           0%         N/A       95%         2
 Wereblood                Tmut           0%         N/A       95%         2
 Gell's Gravitas          Tloc           0%         N/A       99%         3
 Teleport Other           Tloc           0%         N/A       99%         3
 Vhi's Electric Charge    Tloc/Air       0%         N/A       99%         3
 Arcjolt                  Conj/Air       0%         1d10      100%        5
 Death Channel            Necr           0%         N/A       100%        6
 Dispersal                Tloc           0%         N/A       100%        6
 Starburst                Conj/Fire      0%         6d3       100%        6
 Summon Hydra             Summ           0%         N/A       100%        7
 Maxwell's Capacitive Co  Air            0%         ∞         100%        8

Inventory:

Hand Weapons
 a - a +2 vampiric flail (weapon)
Missiles
 i - 74 stones (quivered)
 o - 23 poisoned darts
 x - 4 boomerangs
Armour
 b - a +0 scale mail (worn)
 c - a +0 buckler (worn)
 w - a +0 cloak (worn)
   (You found it on level 5 of the Dungeon)
 B - a +0 pair of gloves (worn)
   (You found it on level 7 of the Dungeon)
Magical Staves
 p - a staff of conjuration {!a}
   (You found it on level 3 of the Dungeon)
Jewellery
 y - a ring of willpower (right hand)
   (You found it on level 6 of the Dungeon)
 D - a +6 ring of dexterity (left hand)
   (You found it on level 1 of the Dungeon)
 W - a ring of magical power
   (You found it on level 6 of the Dungeon)
 Z - a ring of wizardry
   (You found it on level 1 of the Dungeon)
Wands
 v - a wand of acid (23)
   (You took it off Pikel on level 5 of the Dungeon)
Scrolls
 h - a scroll of noise {!r}
 j - 7 scrolls of teleportation {@r4}
 k - 2 scrolls of immolation {!r!r}
 l - 2 scrolls of vulnerability {!r!r}
 m - 3 scrolls of fog
 q - 3 scrolls of fear
 t - a scroll of blinking {!r}
Potions
 d - a potion of might
 e - 3 potions of lignification {!q}
 f - a potion of cancellation
 g - 6 potions of curing {@q1}
 n - 3 potions of magic
 r - a potion of invisibility
 s - 5 potions of degeneration {!q}
 u - a potion of brilliance {unknown}
 z - a potion of haste {@q3}
 A - a potion of ambrosia {unknown}
 C - a potion of heal wounds {unknown}

Dungeon Overview and Level Annotations

Branches:
Dungeon (8/15) Zot: 26677  Temple (1/1) D:4 Zot: 5816  Bailey (1/1) Zot: 5833
   Lair: D:8-11

Altars:
Ashenzari
Cheibriados
Dithmenos
Elyvilon
Fedhas
Gozag
Kikubaaqudgha
Makhleb
Nemelex Xobeh
Okawaru
Qazlal
Ru
Sif Muna
Trog
Uskayaw
Vehumet
Wu Jian
Xom
Yredelemnul
Zin
The Shining One

Shops:
D:1 ?   D:5 *   D:6 [

Annotations:
D:4 2 transporters, hackum's ghost, amateur MfHu
D:7 3 runed translucent doors, HoaS's ghost, novice FoHu

#.......#
#.......#
#..#.#..#
#.##8##.#
#..#)#..#
#...)).)#
#...))))#
#....)).#
##..@..##
###o###


#ooo# #...# #...# #...# ###'### ##.....## #.......# You could see 3 orc knights
and an orc warrior (strong).


Message History

The orc hits you but does no damage. The orc closely misses you.
The orc hits you but does no damage. The orc closely misses you.
An orc warrior comes into view. It is wielding a +0 trident.
You block the orc's attack.
The orc warrior shouts!
You hit the orc.
You kill the orc!
Makhleb accepts your kill. The orc hits you but does no damage.
An orc knight comes into view. It is wielding a +0 glaive.
The orc knight shouts!
You hit the orc but do no damage.
You hear a shout!
The orc completely misses you. The orc hits you with a +0 halberd.
The orc barely misses you.
You sock the orc!
You feel better.
You kill the orc!
Makhleb accepts your kill.
You feel better. 😕 HP[-1]
You take 1 damage, and now have 91/92 hp.
An orc warrior and an orc knight come into view.
The orc knight shouts!
The orc hits you but does no damage. The orc barely misses you.
You furiously retaliate!
You headbutt the orc. You closely miss the orc.
The orc hits you but does no damage.
The orc knight roars a battlecry!
The orcs go into a battle-frenzy!
You block the orc's attack. x2 😎 HP[+1]
Your hp is fully restored (92).
You sock the orc!
You kill the orc!
Makhleb accepts your kill. The orc barely misses you. x2
An orc knight comes into view. It is wielding a +0 halberd.
You sock the orc!
You kill the orc!
Makhleb accepts your kill. You block the orc's attack.
The orc knight roars a battlecry!
The orcs go into a battle-frenzy!
You closely miss the orc. You sock the orc!
You kill the orc!
Makhleb accepts your kill.
Okay, then.
There is an open gate here.
There is an open door here.
The orc warrior no longer looks unusually strong.
The orc knight no longer looks unusually strong.
Things that are here:
a +0 halberd; an orc corpse
There is an open door here.
Okay, then.
Okay, then.
The orc warrior no longer looks unusually strong.
The orc knight no longer looks unusually strong.
The orc knight roars a battlecry!
The orcs go into a battle-frenzy!
Aiming: Corrosive Bolt
Press: ? - help, Shift-Dir - straight line, f - orc warrior
Aim: an orc warrior, wielding a +0 hand axe (strong, 60% to hit)
The bolt of acid hits the orc warrior!
The bolt of acid hits the orc knight!
The acid corrodes the orc knight!
The bolt of acid hits the orc knight!
The acid corrodes the orc knight!
You feel very mighty all of a sudden. The orc warrior barely misses you.
The orc knight roars a battlecry!
The orc knight goes into a battle-frenzy!
You sock the orc warrior! You block the orc warrior's attack.
The orc knight hits you from afar with a +0 glaive!! 😮 HP[-23]
You take 23 damage, and now have 69/92 hp.
MASSIVE DAMAGE!! (PAUSE)
You closely miss the orc warrior. Your headbutt misses the orc warrior.
You bludgeon the orc warrior!!
You feel better.
You kill the orc warrior!
Makhleb accepts your kill.
The orc knight hits you from afar with a +0 glaive!! 😮 HP[-11]
You take 11 damage, and now have 58/92 hp.
Unknown command.
The orc knight is no longer covered in acid.
You block the orc knight's attack. The orc knight closely misses you.
Things that are here:
a +0 hand axe; an orc corpse You barely miss the orc knight.
You headbutt the orc knight, but do no damage.
The orc knight hits you with a +0 glaive!!
* * * LOW HITPOINT WARNING * * *
The orc knight barely misses you.
The orc knight hits you from afar with a +0 trident!!
* * * LOW HITPOINT WARNING * * *
😱 HP[-51]
You take 51 damage, and now have 7/92 hp.
MASSIVE DAMAGE!! (PAUSE)
You bludgeon the orc knight!!
You feel better.
The orc warrior hits you from afar with a +0 trident!!
You die...

Skill      XL: |  1  2  3  4  5  6  7  8  9 10 |
---------------+-------------------------------+-----
Maces & Flails | 3 4 5 6 7 10 11 14 | 14.0
Fighting       | 5 8 9 |  9.7
Invocations    | 5 6 |  6.5
Armour         | |  3.6
Shields        | |  3.6

Action                     |  1- 3 |  4- 6 |  7- 9 | 10-12 || total
---------------------------+-------+-------+-------+-------++-------
  Melee: Flail             |   102 |    91 |   190 |    97 ||   480
         Headbutt          |    10 |    15 |    33 |    25 ||    83
  Evoke: Wand              |       |       |     3 |     1 ||     4
    Use: Scroll            |     9 |     2 |     6 |       ||    17
         Potion            |       |       |     1 |     1 ||     2
 Armour: Scale mail        |    37 |    27 |    64 |    28 ||   156
  Dodge: Dodged            |    43 |    28 |    70 |    44 ||   185
  Block: Buckler           |    19 |    21 |    34 |    27 ||   101

Levels and vault maps discovered:
D:1:      minmay_arrival_nine_rooms, layout_rooms,
          hellmonk_ecumenical_altar_blasted, serial_shops, shop,
          minmay_octomino_c4
D:2:      layout_loops_cross, basic_altar
D:3:      layout_basic
D:4:      layout_basic, minmay_temple_entry_poolview, gammafunk_ghost_arena,
          uniq_menkaure
D:5:      layout_cave_pods, zin_purify, minmay_misc_feat_four_crosses,
          kennysheep_small_circle, uniq_pikel
D:6:      layout_loops_ring, nemelex_xobeh_ov_fountains_minmay,
          kennysheep_cluttered_room, nicolae_shop_dragon_depot, uniq_sigmund
D:7:      layout_basic, ashenzari_conservatory_becter, serial_aquarium,
          aquarium_bridge_square [aquarium_subvault_bridge,
          aquarium_subvault_bridge, aquarium_subvault_wall,
          aquarium_subvault_bridge], aquarium_window_2,
          aquarium_window_corridor_1, aquarium_window_fake,
          aquarium_window_fake, aquarium_view_2c, aquarium_balcony_5b,
          ebering_ghost_rock_garden
D:8:      layout_basic, mainiacjoe_overflow_six_doors_small, enter_bailey_7,
          solitary_fountain
Temple:   eino_temple_scatter_basement
Bailey:   bailey_polearm_5, bailey

Notes
Turn   | Place    | Note
-------+----------+-------------------------------------------
     0 | D:1      | kae the Minotaur Fighter began the quest for the Orb.
     0 | D:1      | Reached XP level 1. HP: 19/19 MP: 0/0
     0 | D:1      | magus.rc [v1.11.3]
    84 | D:1      | Reached skill level 3 in Maces & Flails
    93 | D:1      | Reached XP level 2. HP: 17/26 MP: 1/1
   204 | D:1      | Found a faded altar of an unknown god.
   287 | D:1      | Reached skill level 4 in Maces & Flails
   381 | D:1      | Reached XP level 3. HP: 31/31 MP: 2/2
   470 | D:1      | Found Osumitwo's Magic Scroll Boutique.
   493 | D:1      | Bought a scroll of identify for 22 gold pieces
   873 | D:2      | Reached skill level 5 in Maces & Flails
  1164 | D:2      | Found a snail-covered altar of Cheibriados.
  1326 | D:3      | Reached XP level 4. HP: 39/39 MP: 3/3
  1612 | D:3      | You pick up a book of Blood and begin reading...
  1612 | D:3      | You add the spells Sublimation of Blood, Wereblood and
                  | Summon Hydra to your library.
  1658 | D:3      | Reached skill level 6 in Maces & Flails
  1796 | D:4      | Noticed hackum's ghost (amateur MfHu)
  1796 | D:4      | Noticed an ogre
  1831 | D:4      | Found a transporter.
  1831 | D:4      | Noticed a scorpion
  1838 | D:4      | Killed a scorpion
  1839 | D:4      | Reached XP level 5. HP: 38/45 MP: 4/4
  1931 | D:4      | You add the spells Gell's Gravitas, Teleport Other and
                  | Dispersal to your library.
  2081 | D:4      | Found a transporter.
  2108 | D:4      | Noticed Menkaure
  2114 | D:4      | Killed Menkaure
  2115 | D:4      | Reached skill level 7 in Maces & Flails
  2115 | D:4      | Reached XP level 6. HP: 26/51 MP: 5/5
  2431 | D:4      | Reached skill level 8 in Maces & Flails
  2613 | D:4      | Found a staircase to the Ecumenical Temple.
  2790 | Temple   | Entered the Ecumenical Temple
  2964 | Temple   | Became a worshipper of Makhleb the Destroyer
  3030 | D:5      | Entered Level 5 of the Dungeon
  3125 | D:5      | Noticed Pikel
  3138 | D:5      | Killed Pikel
  3139 | D:5      | Reached skill level 10 in Maces & Flails
  3139 | D:5      | Reached XP level 7. HP: 46/57 MP: 6/6
  3215 | D:5      | Reached skill level 11 in Maces & Flails
  3388 | D:5      | Found Zin's Purification Station.
  3388 | D:5      | Found a glowing silver altar of Zin.
  3397 | D:5      | Reached XP level 8. HP: 27/64 MP: 7/7
  3703 | D:5      | Reached skill level 12 in Maces & Flails
  4007 | D:1      | Bought a scroll of blinking for 82 gold pieces
  4007 | D:1      | Bought a scroll of identify for 22 gold pieces
  4007 | D:1      | Bought a scroll of identify for 22 gold pieces
  4277 | D:6      | Noticed Sigmund
  4285 | D:6      | Killed Sigmund
  4286 | D:6      | Reached skill level 13 in Maces & Flails
  4489 | D:6      | Noticed a two-headed ogre
  4496 | D:6      | Killed a two-headed ogre
  4497 | D:6      | Reached skill level 14 in Maces & Flails
  4497 | D:6      | Reached skill level 5 in Fighting
  4497 | D:6      | Reached XP level 9. HP: 22/74 MP: 8/8
  4661 | D:6      | You add the spells Scorch, Starburst and Death Channel to
                  | your library.
  4661 | D:6      | Got the Codex of the Nexus
  4725 | D:6      | You add the spells Vhi's Electric Charge, Arcjolt and
                  | Maxwell's Capacitive Coupling to your library.
  4754 | D:6      | Found George's Dragon-Slaying Spoils.
  4832 | D:6      | Found a sparkling altar of Nemelex Xobeh.
  5084 | D:6      | Reached skill level 1 in Invocations
  5087 | D:6      | Reached skill level 6 in Fighting
  5090 | D:6      | Reached skill level 2 in Invocations
  5292 | D:7      | Found a runed translucent gate.
  5292 | D:7      | Found a runed translucent gate.
  5292 | D:7      | Found a runed translucent gate.
  5292 | D:7      | Noticed HoaS's ghost (novice FoHu)
  5570 | D:7      | Reached skill level 3 in Invocations
  5633 | D:7      | Reached skill level 7 in Fighting
  5659 | D:7      | Reached * piety under Makhleb
  5678 | D:7      | Reached skill level 4 in Invocations
  6052 | D:7      | Found a broken altar of Ashenzari.
  6147 | D:7      | Reached skill level 8 in Fighting
  6596 | D:8      | Reached skill level 5 in Invocations
  6604 | D:8      | Reached XP level 10. HP: 90/90 MP: 12/12
  6631 | D:8      | Reached skill level 9 in Fighting
  6668 | D:8      | Reached skill level 6 in Invocations
  6703 | D:8      | Found a stormy altar of Qazlal.
  6747 | D:8      | Found a flagged portal.
  6773 | Bailey   | Entered a bailey
  6855 | Bailey   | Reached ** piety under Makhleb
  6917 | Bailey   | Noticed an orc knight
  6919 | Bailey   | Noticed an orc knight
  6921 | Bailey   | Noticed an orc knight
  6949 | Bailey   | HP: 7/92 [orc knight/+0 trident (32)]
  6950 | Bailey   | Mangled by an orc warrior

Vanquished Creatures
  A two-headed ogre (D:6)
  Pikel (D:5)
  Sigmund (D:6)
  A wyvern (D:8)
  6 yaks (D:8)
  3 steam dragons
  Menkaure (D:4)
  2 water moccasins
  A sky beast (D:7)
  3 ice beasts (D:6)
  5 orc warriors
  A centaur (D:8)
  An ogre (D:5)
  A phantom (D:5)
  A lemure (D:5)
  A kobold brigand (D:7)
  5 bullfrogs (D:7)
  5 scorpions
  A wight (D:8)
  A howler monkey (D:6)
  4 hounds
  2 iguanas
  A sleepcap (D:7)
  An orc wizard (D:7)
  4 adders
  4 gnolls (D:8)
  A shadow imp (D:7)
  A white imp (D:4)
  2 dart slugs
  35 orcs
  9 endoplasms
  6 giant cockroaches
  9 goblins
  5 hobgoblins
  4 jackals (D:5)
  7 quokkas
  10 ball pythons
  7 bats
  4 frilled lizards
  18 kobolds
  4 rats
180 creatures vanquished.

Table legend:
 A = Non-vault XP
 B = Vault XP
 C = Vault XP percentage of total XP
 D = Non-vault monster count
 E = Vault monster count
 F = Vault count percentage of total count
                 A         B        C        D         E       F
            +---------+---------+-------+---------+---------+-------
      Total |    5630 |    1787 |  24.1 |     143 |      36 |  20.1
            +---------+---------+-------+---------+---------+-------
        D:1 |      43 |       8 |  15.7 |      27 |       5 |  15.6
        D:2 |      44 |       0 |   0.0 |      18 |       0 |   0.0
        D:3 |      67 |       0 |   0.0 |      22 |       0 |   0.0
        D:4 |     248 |     165 |  40.0 |      18 |       1 |   5.3
        D:5 |     476 |     764 |  61.6 |      13 |       3 |  18.8
        D:6 |    1678 |     206 |  10.9 |      10 |       1 |   9.1
        D:7 |    1243 |       0 |   0.0 |      25 |       0 |   0.0
        D:8 |    1831 |      57 |   3.0 |      10 |       4 |  28.6
     Bailey |       0 |     587 | 100.0 |       0 |      22 | 100.0
            +---------+---------+-------+---------+---------+-------

Illustrated notes

Table legend:
 A = Kills in this place as a percentage of kills in the entire game.
 B = Kills by you in this place as a percentage of kills by you in the entire game.
 C = Kills by friends in this place as a percentage of kills by friends in the entire game.
 D = Other kills in this place as a percentage of other kills in the entire game.
 E = Experience gained in this place as a percentage of experience gained in the entire game.
 F = Experience gained in this place divided by the number of levels of this place that you have seen.
                   A       B       C       D       E      F
               +-------+-------+-------+-------+-------+----------------------
         Total | 100.0 | 100.0 |   N/A |   N/A | 100.0 | 741.7
       Dungeon |  87.7 |  87.7 |   N/A |   N/A |  92.1 | 853.8
        Bailey |  12.3 |  12.3 |   N/A |   N/A |   7.9 | 587.0
               +-------+-------+-------+-------+-------+----------------------

Table legend: (Time is in decaauts)
 A = Elapsed time spent in this place.
 B = Non-inter-level travel time spent in this place.
 C = Inter-level travel time spent in this place.
 D = Time resting spent in this place.
 E = Time spent auto-exploring this place.
 F = Levels seen in this place.
 G = Mean time per level.
                   A        B        C        D        E       F      G
               +--------+--------+--------+--------+--------+-----+--------+
         Total |   6919 |   6254 |    665 |    200 |   4799 |  10 |  691.9 |
       Dungeon |   6569 |   5934 |    635 |    172 |   4658 |   8 |  821.1 |
        Temple |    183 |    154 |     29 |      0 |    137 |   1 |  183.0 |
        Bailey |    166 |    166 |      0 |     28 |      4 |   1 |  166.0 |
               +--------+--------+--------+--------+--------+-----+--------+

Top non-repeatable levels by time:
     D:7: 1164 daAuts
     D:4: 1112 daAuts
     D:6: 1045 daAuts
     D:5: 1024 daAuts
     D:1: 719 daAuts
     D:2: 715 daAuts
     D:3: 504 daAuts
     D:8: 283 daAuts
  Temple: 183 daAuts
  Bailey: 166 daAuts
